 Dungeon Crawl Stone Soup version 0.19.1 (webtiles) character file.

1029 RaHiT the Conjurer (level 8, 0/52 HPs)
             Began as a Mummy Conjurer on Dec 5, 2016.
             Slain by an adder (4 damage)
             ... on level 5 of the Dungeon.
             The game lasted 00:31:16 (4794 turns).

RaHiT the Conjurer (Mummy Conjurer)                 Turns: 4794, Time: 00:31:16

Health: 0/52       AC:  5    Str: 11    XL:     8   Next: 3%
Magic:  4/15       EV:  9    Int: 16    God:
Gold:   288        SH:  0    Dex: 13    Spells: 6 memorised, 2 levels left

rFire  . . .     SeeInvis .     f - +2 dagger (drain)
rCold  + . .     Gourm    .     l - +2 robe {rN+}
rNeg   + + +     Faith    .     (no shield)
rPois  ∞         Spirit   .     (no helmet)
rElec  .         Reflect  .     (no cloak)
rCorr  .         Harm     .     (no gloves)
MR     +....                    p - +0 pair of boots
Stlth  +.........               (no amulet)
                                o - ring of protection from fire
                                c - ring of flight

@: very slightly contaminated, constricted
A: no food or potions, fire vulnerability, cold resistance 1, negative energy
resistance 3, torment resistance, unbreathing
a: Evoke Flight


You were on level 5 of the Dungeon.
You were not hungry.

You visited 1 branch of the dungeon, and saw 5 of its levels.

You collected 288 gold pieces.

Inventory:

Hand Weapons
 f - a +2 dagger of draining (weapon)
 k - a +1 scythe of flaming
Missiles
 e - 5 tomahawks of dispersal (quivered)
 m - 11 poisoned needles
Armour
 l - a +2 robe of positive energy (worn)
 p - a +0 pair of boots (worn)
Jewellery
 c - a ring of flight (left hand)
 o - a ring of protection from fire (right hand)
 r - the ring of Beauty {rPois rC+ rN+ Int-5, unknown}
   (You took it off a gnoll on level 4 of the Dungeon)

   [ring of poison resistance]

   It affects your intelligence (-5).
   It protects you from cold.
   It protects you from poison.
   It protects you from negative energy.
Wands
 j - a wand of iceblast (0/15)
 t - a wand of iceblast (10/15)
Scrolls
 a - a scroll of recharging {unknown}
 d - a scroll of enchant armour
 g - a scroll of remove curse
 h - a scroll of identify
 i - a scroll of amnesia {unknown}
 s - a scroll of teleportation {unknown}
Books
 b - a book of Conjurations

   Spells                             Type                      Level
   a - Magic Dart                     Conjuration                  1
   b - Searing Ray                    Conjuration                  2
   c - Dazzling Spray                 Conjuration/Hexes            3
   d - Fulminant Prism                Conjuration/Hexes            4
   e - Iskenderun's Mystic Blast      Conjuration                  4
   f - Iskenderun's Battlesphere      Conjuration/Charms           5
 n - a book of Minor Magic

   Spells                             Type                      Level
   a - Magic Dart                     Conjuration                  1
   b - Blink                          Translocation                2
   c - Call Imp                       Summoning                    2
   d - Repel Missiles                 Charms/Air                   2
   e - Slow                           Hexes                        2
   f - Conjure Flame                  Conjuration/Fire             3
   g - Mephitic Cloud                 Conjuration/Poison/Air       3


   Skills:
 - Level 1.5 Dodging
 - Level 1.5 Stealth
 - Level 5.0 Spellcasting
 - Level 5.0 Conjurations
 - Level 3.1 Translocations
 * Level 3.7 Fire Magic


You had 2 spell levels left.
You knew the following spells:

 Your Spells              Type           Power        Failure   Level  Hunger
a - Magic Dart            Conj           ###.         1%          1    N/A
b - Dazzling Spray        Conj/Hex       ##....       17%         3    N/A
c - Iskenderun's Mystic   Conj           ###.....     21%         4    N/A
d - Blink                 Tloc           N/A          10%         2    N/A
e - Conjure Flame         Conj/Fire      ###.....     10%         3    N/A
q - Searing Ray           Conj           ###...       3%          2    N/A

Dungeon Overview and Level Annotations

Branches:
Dungeon (5/15)
 Temple: D:4-7

Altars:
Ashenzari
Makhleb
Okawaru
Sif Muna
Uskayaw
Vehumet
Yredelemnul
Zin

Portals:
Sewer: D:5


Innate Abilities, Weirdness & Mutations

You do not eat or drink.
Your flesh is vulnerable to fire.
You are immune to poison.
Your flesh is cold resistant. (rC+)
You are immune to negative energy. (rN+++)
You are immune to unholy pain and torment.
You can survive without breathing.


Message History

The adder bites you.
* * * LOW HITPOINT WARNING * * *
The ball python bites you but does no damage.
The ball python grabs you. The ball python constricts you.
The giant cockroach bites you but does no damage.
Your unstable footing causes you to fumble your attack.
The adder bites you.
* * * LOW HITPOINT WARNING * * *
The giant cockroach barely misses you.
The ball python bites you but does no damage.
The ball python constricts you.
The rat twitches its whiskers. x2
Casting: Magic Dart
Confirm with . or Enter, or press ? or * to list all spells.
Aiming: Magic Dart
Press: ? - help, Shift-Dir - straight line The magic dart hits the giant cockroach.
You kill the giant cockroach!
The adder bites you.
You die...

###########
#≈≈≈#≈....#
#≈∩≈#≈≈≈.?#
#≈S@+≈≈...#
###S#≈....#
#≈Sr≈≈≈...#
#.roo≈...w#####
#..oo.........#
#........####'###
*
######.#%.....o.#
* #..........####
###.........


You could see an adder, 4 orcs, 2 ball pythons and 2 rats.

Vanquished Creatures
  Sigmund (D:2)
  A sky beast (D:4)
  An ogre (D:4)
  A necrophage (D:4)
  A big kobold (D:4)
  A centaur zombie (D:5)
  A hound (D:4)
  3 orc priests
  A gnoll shaman (D:4)
  Jessica (D:2)
  An orc wizard (D:3)
  3 worker ants (D:4)
  A hound skeleton (D:4)
  4 gnolls (D:4)
  6 adders
  A shadow imp (D:5)
  An ooze (D:4)
  An adder skeleton (D:4)
  2 worms (D:3)
  2 dart slugs (D:2)
  6 leopard geckos
  9 orcs
  A ball python (D:3)
  10 bats
  4 giant cockroaches
  13 goblins
  6 hobgoblins
  4 jackals (D:2)
  11 kobolds
  3 quokkas
  5 frilled lizards
  A quokka skeleton (D:4)
  5 rats
112 creatures vanquished.

Vanquished Creatures (others)
  A plant (D:4)
1 creature vanquished.

Grand Total: 113 creatures vanquished

Notes
Turn   | Place    | Note
-------+----------+-------------------------------------------
     0 | D:1      | RaHiT the Mummy Conjurer began the quest for the Orb.
     0 | D:1      | Reached XP level 1. HP: 13/13 MP: 3/3
   413 | D:1      | Reached XP level 2. HP: 19/19 MP: 3/5
   421 | D:1      | Learned a level 2 spell: Searing Ray
   936 | D:2      | Reached XP level 3. HP: 24/24 MP: 7/7
   941 | D:2      | Learned a level 3 spell: Dazzling Spray
   970 | D:2      | Noticed Sigmund
  1010 | D:2      | Found a deep blue altar of Sif Muna.
  1043 | D:2      | Noticed Jessica
  1053 | D:2      | Killed Jessica
  1069 | D:2      | Reached XP level 4. HP: 24/30 MP: 6/10
  1280 | D:2      | Killed Sigmund
  1280 | D:2      | Reached skill level 5 in Conjurations
  1280 | D:2      | Reached XP level 5. HP: 9/35 MP: 1/11
  1538 | D:2      | Learned a level 4 spell: Iskenderun's Mystic Blast
  1630 | D:2      | Found a hide-covered altar of Uskayaw.
  1633 | D:2      | Found a basalt altar of Yredelemnul.
  1636 | D:2      | Found a shattered altar of Ashenzari.
  1639 | D:2      | Found a glowing silver altar of Zin.
  1764 | D:2      | Reached XP level 6. HP: 31/41 MP: 8/12
  1979 | D:3      | Learned a level 2 spell: Blink
  2717 | D:3      | Found an iron altar of Okawaru.
  3183 | D:4      | Found a burning altar of Makhleb.
  3210 | D:4      | Reached skill level 5 in Spellcasting
  3318 | D:4      | Reached skill level 1 in Translocations
  3343 | D:4      | Reached XP level 7. HP: 38/46 MP: 5/14
  3516 | D:4      | Got a pitted amber ring
  3562 | D:4      | Learned a level 3 spell: Conjure Flame
  3692 | D:4      | Reached skill level 1 in Fire Magic
  3900 | D:4      | Found a radiant altar of Vehumet.
  4272 | D:5      | Entered Level 5 of the Dungeon
  4748 | D:5      | Reached XP level 8. HP: 38/52 MP: 2/15
  4788 | D:5      | Found a glowing drain.
  4794 | D:5      | Slain by an adder

Skill      XL: |  1  2  3  4  5  6  7 |
---------------+----------------------+-----
Spellcasting   | 3 4 5 |  5.0
Conjurations   | 5 |  5.0
Translocations | 2 3 |  3.1
Fire Magic     | 3 |  3.7
Dodging        | |  1.5
Stealth        | |  1.5

Action                   |  1- 3 |  4- 6 |  7- 9 || total
-------------------------+-------+-------+-------++-------
Melee: Short sword       |     7 |       |       ||     7
       Unarmed           |     5 |       |       ||     5
       Dagger            |    35 |    85 |    68 ||   188
 Cast: Magic Dart        |    30 |    28 |    16 ||    74
       Searing Ray       |     1 |    13 |    15 ||    29
       Conjure Flame     |       |       |     2 ||     2
       Blink             |       |       |     2 ||     2
       Iskenderun's Myst |       |       |     1 ||     1
Evoke: Wand              |       |     3 |       ||     3
  Use: Scroll            |       |     1 |     5 ||     6
 Stab: Sleeping          |     1 |     3 |       ||     4
Armor: Robe              |     8 |    15 |    44 ||    67
Dodge: Dodged            |    32 |    55 |    84 ||   171
